 Seeded DCSS version 0.29.1-15-g9cfb28693d (webtiles) character file.

Game seed: 16245865983455551772 (custom seed)

70 Psyclone the Firebug (level 4, 0/24 HPs)
             Began as a Deep Elf Fire Elementalist on Sept 24, 2023.
             Shot with an arrow by a centaur (12 damage)
             ... on level 5 of the Dungeon.
             The game lasted 00:08:20 (2839 turns).

Psyclone the Firebug (Deep Elf Fire Elementalist)   Turns: 2839, Time: 00:08:20

Health: 0/24       AC:  2    Str:  5    XL:     4   Next: 3%
Magic:  12/12      EV: 12    Int: 34    God:
Gold:   113        SH:  0    Dex: 15    Spells: 3/11 levels left

rFire   + . .      SeeInvis .   a - staff of fire
rCold   . . .      Faith    .   (no shield)
rNeg    . . .      Spirit   .   c - +0 robe
rPois   .          Reflect  .   (no helmet)
rElec   .          Harm     .   (no cloak)
rCorr   .          Rampage  .   (no gloves)
Will    .....                   (no boots)
Stlth   ++........              (no amulet)
HPRegen 0.08/turn               g - +6 ring of intelligence
MPRegen 0.13/turn               h - +6 ring of intelligence

@: no status effects
A: no striking features
a: no special abilities


You were on level 5 of the Dungeon.
You visited 1 branch of the dungeon, and saw 4 of its levels.

You collected 113 gold pieces.

Inventory:

Armour
 c - a +0 robe (worn)
Magical Staves
 a - a staff of fire (weapon)
Jewellery
 g - a +6 ring of intelligence (left hand)
 h - a +6 ring of intelligence (right hand)
Wands
 m - a wand of roots (4)
Scrolls
 f - 2 scrolls of teleportation {unknown}
 j - 2 scrolls of identify {unknown}
 k - a scroll of enchant weapon {unknown}
 l - a scroll of summoning {unknown}
 n - a scroll of noise {unknown}
Potions
 b - a potion of magic
 d - a potion of might {unknown}
 e - 2 potions of flight {unknown}
 i - a potion of lignification {unknown}


   Skills:
 - Level 2.4 Dodging
 - Level 2.4 Stealth
 - Level 4.0 Spellcasting
 + Level 2.4 Conjurations
 - Level 4.0 Fire Magic
 + Level 1.4 Poison Magic


You had 3 spell levels left.
You knew the following spells:

 Your Spells              Type           Power      Damage    Failure   Level
a - Foxfire               Conj/Fire      100%       2x1d9     1%          1
b - Searing Ray           Conj           46%        2d6       2%          2
c - Conjure Flame         Conj/Fire      43%        6-21      4%          3
v - Poisonous Vapours     Pois/Air       22%        N/A       5%          2

Your spell library contained the following spells:

 Spells                   Type           Power      Damage    Failure   Level
 Magic Dart               Conj           92%        1d7       1%          1
 Scorch                   Fire           100%       2d10      1%          2
 Sting                    Tmut/Pois      44%        1d5       3%          1
 Inner Flame              Hex/Fire       30%        N/A       6%          3
 Ignite Poison            Fire/Tmut/Pois 28%        N/A       7%          3
 Mephitic Cloud           Conj/Pois/Air  15%        N/A       9%          3
 Flame Wave               Conj/Fire      43%        2d11      13%         4
 Olgreb's Toxic Radiance  Pois           16%        N/A       28%         4
 Fulminant Prism          Conj/Hex       7%         3d7       30%         4
 Freezing Cloud           Conj/Ice/Air   6%         6-21      69%         5
 Chain Lightning          Conj/Air       7%         3d10      100%        9
 Fire Storm               Conj/Fire      21%        8d6       100%        9
 Shatter                  Erth           3%         3d7*      100%        9


Dungeon Overview and Level Annotations

Branches:
Dungeon (3/15) Zot: 21162

Altars:


Message History

You kill the rat!
Your foxfire dissipates!
Your foxfire dissipates! x2
j - 2 scrolls labelled DOIQEGH ICARY (gained 1)
You open the door.
There is an open door here.
A frilled lizard comes into view.
The frilled lizard hisses angrily.
MP restored: 12 The frilled lizard bites you.
You take 2 damage, and have 22/24 hp.
Casting: Foxfire (safe; 1% risk of failure)
Confirm with . or Enter, or press ? or * to list all spells.
You feel a surge of power!
You conjure some foxfire!
The frilled lizard bites you but does no damage.
You now have 11/12 mp.
The foxfire hits the frilled lizard.
You kill the frilled lizard!
Your foxfire dissipates!
A sourceless malevolence fills the Dungeon...
You fall into a shaft and drop 2 floors!
The shaft crumbles and collapses.
Health restored: 24; MP restored: 12 A scorpion and a dart slug come into view.
Found 5 gold pieces.
Found a scroll labelled PEWESOQEAK.
Found 11 gold pieces.
You now have 104 gold pieces (gained 5).
Found a short sword.
Found 9 gold pieces.
You now have 113 gold pieces (gained 9).
A scorpion comes into view.
A centaur comes into view.
The centaur shouts!
The centaur wields a +0 shortbow.
The centaur shoots an arrow.
The arrow hits you!
Ouch! That really hurt!
You take 12 damage, and have 12/24 hp.
MASSIVE DAMAGE!!
The centaur shoots an arrow.
The arrow hits you!
Ouch! That really hurt!
You die...

..... ..## #..
.... ...###..# ..#
##.......# ..##
##........#
#..####.....#...#
...........##...#
.
..#####...###.c.##
.# ..# ##.##
#....####.## #.#
#..###..#@......#
#.#
#..##.......###..
#)# #...#......##
#.# ##.........#
### ##........#
#..###...#
##.####..# #
##.####.####..s.
##............#


You could see a centaur.

Vanquished Creatures
  Jessica (D:2)
  An adder (D:2)
  2 ball pythons (D:1)
  3 bats
  4 endoplasms (D:1)
  2 goblins (D:1)
  5 hobgoblins
  4 kobolds
  3 quokkas (D:1)
  3 frilled lizards
  5 rats
33 creatures vanquished.

Vanquished Creatures (others)
  120 foxfires
  A plant (D:3)
121 creatures vanquished.

Grand Total: 154 creatures vanquished

Notes
Turn   | Place    | Note
-------+----------+-------------------------------------------
     0 | D:1      | Psyclone the Deep Elf Fire Elementalist began the quest for
                  | the Orb.
     0 | D:1      | Reached XP level 1. HP: 10/10 MP: 6/6
   109 | D:1      | Identified 3 scrolls of acquirement
   109 | D:1      | Acquired a Trismegistus Codex
   113 | D:1      | Acquired a book of Conjurations
   334 | D:1      | Acquired a staff of fire
   612 | D:1      | Reached XP level 2. HP: 15/15 MP: 2/8
   734 | D:1      | Found a faded altar of an unknown god.
  1530 | D:1      | Learned a level 2 spell: Searing Ray
  1586 | D:2      | Learned a level 2 spell: Poisonous Vapours
  1786 | D:2      | Reached XP level 3. HP: 19/19 MP: 7/10
  1792 | D:2      | Learned a level 3 spell: Conjure Flame
  1921 | D:2      | Noticed Jessica
  1930 | D:2      | Killed Jessica
  1931 | D:2      | Reached skill level 1 in Poison Magic
  2690 | D:3      | Reached XP level 4. HP: 24/24 MP: 8/12
  2772 | D:3      | You fall into a shaft and drop 2 floors!
  2772 | D:5      | Entered Level 5 of the Dungeon
  2776 | D:5      | Noticed a scorpion
  2828 | D:5      | Noticed a scorpion
  2836 | D:5      | Noticed a centaur
  2839 | D:5      | Shot with an arrow by a centaur

Illustrated notes

Levels and vault maps discovered:
D:1:      minmay_arrival_hallway, layout_loops_corners, basic_ecumenical_altar,
          minmay_unequal
D:2:      layout_loops_ring, uniq_jessica
D:3:      layout_basic, serial_shops, nicolae_shop_advertising_works
          [nicolae_subvault_shop_adworks], minmay_shallow_snake_nest,
          uniq_natasha
D:5:      layout_layer_cave, mainiacjoe_overflow_cross_hatched,
          lemuel_temple_firewalk_b, uniq_sigmund

Skill      XL: |  1  2  3 |
---------------+----------+-----
Fire Magic     | 4 |  4.0
Spellcasting   | 4 |  4.0
Conjurations   | 2 |  2.4
Poison Magic   | 1 |  1.4
Dodging        | |  2.4
Stealth        | |  2.4

Action                   |  1- 3 |  4- 6 || total
-------------------------+-------+-------++-------
Melee: Staff             |     1 |       ||     1
 Cast: Foxfire           |    66 |     3 ||    69
       Conjure Flame     |     1 |       ||     1
  Use: Scroll            |     3 |       ||     3
Armor: Robe              |       |     1 ||     1
Dodge: Dodged            |     7 |       ||     7
